 Dungeon Crawl Stone Soup version 0.26.1-10-gdfb7c7de75 (webtiles) character file.

Game seed: 12984522041224443129

31 Elvor the Sneak (level 3, -2/23 HPs)
             Began as a Gargoyle Delver on Apr 12, 2021.
             Killed from afar by a white imp (11 damage)
             ... with a puff of frost
             ... on level 5 of the Dungeon.
             The game lasted 00:01:29 (147 turns).

Elvor the Sneak (Gargoyle Delver)                    Turns: 147, Time: 00:01:30

Health: -2/23      AC:  9    Str: 16    XL:     3   Next: 22%
Magic:  3/3        EV:  9    Int: 10    God:
Gold:   0          SH:  0    Dex: 11    Spells: 2/2 levels left

rFire    . . .     SeeInvis .   a - +0 mace
rCold    . . .     Faith    .   (no shield)
rNeg     + . .     Spirit   .   j - +0 scale mail
rPois    ∞         Reflect  .   (no helmet)
rElec    +         Harm     .   (no cloak)
rCorr    .         Rampage  .   (no gloves)
Will     .....                  (no boots)
Stlth    ++........             (no amulet)
HPRegen  0.07/turn              (no ring)
MPRegen  0.08/turn              (no ring)

@: no status effects
A: negative energy resistance 1, electricity resistance, unbreathing,
petrification resistance, miasma immunity, AC +3
a: no special abilities


You were on level 5 of the Dungeon.
You visited 1 branch of the dungeon, and saw 2 of its levels.

Inventory:

Hand Weapons
 a - a +0 mace (weapon)
Missiles
 i - 6 boomerangs (quivered)
Armour
 b - a +0 leather armour
 j - a +0 scale mail (worn)
Wands
 g - a wand of digging (3)
 m - a wand of random effects (16)
Scrolls
 c - a scroll of fog
 d - a scroll of magic mapping
 e - a scroll of fear
 h - a scroll of identify {unknown}
 k - a scroll of blinking {unknown}
 l - a scroll of enchant weapon {unknown}
Potions
 f - a potion of haste


   Skills:
 + Level 3.5 Fighting
 + Level 2.2 Maces & Flails
 + Level 1.6 Dodging
 + Level 6.2 Stealth


You had 2 spell levels left.
You didn't know any spells.
Your spell library was empty.

Dungeon Overview and Level Annotations

Branches:
Dungeon (5/15)
 Temple: D:4-7

Altars:


Innate Abilities, Weirdness & Mutations

You are resistant to torment.
Your stone body is resilient. (AC +3)
You are immune to poison.
You resist negative energy. (rN+)
You are resistant to electric shocks. (rElec)
You can survive without breathing.
You are immune to petrification.
You are immune to miasma.


Message History

The white imp is heavily wounded.
Throw: 6 boomerangs
Press: ? - help, Q - select action, (/) - cycle Shift-Dir - straight line, f/p - white imp
Aim: a white imp (heavily wounded, 56% to hit)
You throw a boomerang. The boomerang hits the white imp.
The white imp is severely wounded.
Throw: 6 boomerangs
Press: ? - help, Q - select action, (/) - cycle Shift-Dir - straight line, f/p - white imp
Aim: a white imp (severely wounded, 56% to hit)
You throw a boomerang.
The boomerang hits the white imp but does no damage.
The white imp is severely wounded.
Throw: 6 boomerangs
Press: ? - help, Q - select action, (/) - cycle Shift-Dir - straight line, f/p - white imp
Aim: a white imp (severely wounded, 56% to hit)
You throw a boomerang. The boomerang hits the white imp.
The white imp is almost dead.
The white imp gestures at you. The puff of frost hits you!
You die...

.......##
#........##
.#......###........#
....[.......#.....##
............#.....#
.........##.##..###
..............###
............###
.......#5...#
......###@### ...###
### .. .


You could see a white imp.

Vanquished Creatures
  A hound (D:5)
1 creature vanquished.

Notes
Turn   | Place    | Note
-------+----------+-------------------------------------------
     0 | D:5      | Elvor the Gargoyle Delver began the quest for the Orb.
     0 | D:5      | Reached XP level 1. HP: 14/14 MP: 1/1
    99 | D:4      | Noticed a hound
   102 | D:4      | Noticed a worker ant
   110 | D:5      | Killed a hound
   111 | D:5      | Reached skill level 6 in Stealth
   111 | D:5      | Reached XP level 2. HP: 17/19 MP: 2/2
   111 | D:5      | Reached XP level 3. HP: 20/23 MP: 3/3
   147 | D:5      | Killed from afar by a white imp

Illustrated notes

Levels and vault maps discovered:
D:4:      layout_rooms, gammafunk_temple_overflow_statue,
          minmay_temple_entry_overgrown, kennysheep_generic_room_4
D:5:      layout_cave_pools

Skill      XL: |  1 |
---------------+----+-----
Stealth        | 6 |  6.2
Fighting       | |  3.5
Maces & Flails | |  2.2
Dodging        | |  1.6

Action                   || total
-------------------------++-------
Melee: Mace              ||     9
Throw: Boomerang         ||     6
Evoke: Wand              ||     1
 Stab: Sleeping          ||     1
Armor: Scale mail        ||     6
Dodge: Dodged            ||     9
